 Dungeon Crawl Stone Soup version 0.29-a0-872-g797fff5ad1 (webtiles) character file.

Game seed: 12038588567779536998

173 xian the Trooper (level 5, -1/46 HPs)
             Began as a Draconian Fighter on July 19, 2022.
             Slain by a gnoll
             ... wielding a +0 spear
              (4 damage)
             ... on level 4 of the Dungeon.
             The game lasted 00:06:03 (2725 turns).

xian the Trooper (Draconian Fighter)                Turns: 2725, Time: 00:06:03

Health: -1/46      AC:  6    Str: 21    XL:     5   Next: 28%
Magic:  5/5        EV: 12    Int:  8    God:
Gold:   645        SH:  4    Dex: 10    Spells: 4/4 levels left

rFire   . . .      SeeInvis .   g - +3 war axe (venom)
rCold   . . .      Faith    .   b - +0 buckler
rNeg    . . .      Spirit   .   (body armour unavailable)
rPois   .          Reflect  .   (helmet restricted)
rElec   .          Harm     .   (no cloak)
rCorr   .          Rampage  .   f - +0 pair of gloves
Will    .....                   (no boots)
Stlth   +.........              (no amulet)
HPRegen 0.15/turn               (no ring)
MPRegen 0.09/turn               (no ring)

@: no status effects
A: AC +5, unfitting armour, cold-blooded
a: no special abilities


You were on level 4 of the Dungeon.
You visited 1 branch of the dungeon, and saw 4 of its levels.

You collected 645 gold pieces.

Inventory:

Hand Weapons
 g - a +3 war axe of venom (weapon)
Armour
 b - a +0 buckler (worn)
 f - a +0 pair of gloves (worn)
Wands
 j - a wand of paralysis (5)
 m - a wand of roots (11)
Scrolls
 a - 2 scrolls of summoning
 n - a scroll of teleportation
Potions
 c - a potion of might
 d - 3 potions of attraction
 e - 2 potions of haste {unknown}
 h - a potion of heal wounds {unknown}
 i - a potion of mutation {unknown}
 k - a potion of lignification {unknown}
 l - a potion of degeneration {unknown}
 o - a potion of magic {unknown}


   Skills:
 + Level 4.1 Fighting
 + Level 3.0 Long Blades
 + Level 2.2 Axes
 + Level 3.5 Dodging
 + Level 0.2 Stealth
 + Level 3.4 Shields


You had 4 spell levels left.
You didn't know any spells.
Your spell library was empty.

Dungeon Overview and Level Annotations

Branches:
Dungeon (4/15)
 Temple: D:4-7

Altars:
Hepliaklqana


Innate Abilities, Weirdness & Mutations

Your plain brown scales are hard. (AC +5)
You cannot fit into any form of body armour.
You are cold-blooded and may be slowed by cold attacks.


Message History

A gnoll comes into view. It is wielding a +0 whip.
The gnoll shouts!
You hear a shout!
A gnoll comes into view. It is wielding a +0 spear.
A gnoll comes into view. It is wielding a +0 halberd.
The gnoll shouts!
A gnoll comes into view. It is wielding a +0 spear.
Aiming: Fastroot
Press: ? - help, Shift-Dir - straight line, f - gnoll
Aim: a gnoll, wielding a +0 whip The roots erupt in riotous growth!
Roots grab the gnoll. x2
The grasping roots constrict the gnoll!
The grasping roots constrict the gnoll.
You hear a shout!
The gnoll hits you from afar with a +0 spear.
The grasping roots constrict the gnoll. x2
The roots release their grip on the gnoll.
The gnoll closely misses you. The gnoll barely misses you.
You slash the gnoll!
You kill the gnoll!
The gnoll misses you.
You hit the gnoll.
The gnoll is poisoned.
You tail-slap the gnoll, but do no damage.
The gnoll is almost dead.
The gnoll hits you from afar with a +0 halberd!
The gnoll barely misses you. The gnoll closely misses you.
The gnoll hits you but does no damage. You block the gnoll's attack.
You hit the gnoll.
You kill the gnoll!
You block the gnoll's attack.
The gnoll hits you from afar with a +0 spear!
The gnoll hits you with a +0 halberd! The gnoll hits you with a +0 spear.
Items here: ( )) †.
You barely miss the gnoll. You slash the gnoll!
The gnoll is poisoned.
The gnoll hits you with a +0 halberd!
* * * LOW HITPOINT WARNING * * *
The gnoll barely misses you.
You closely miss the gnoll. You hit the gnoll but do no damage.
You kill the gnoll!
You block the gnoll's attack. The gnoll hits you with a +0 spear.
You die...

#. #># #.# #.#
#.# ##.## #
#...#######.##.#
#........@g....#
#...######)#####
##..# .# #..# ..
#..# ##. #..# .#
#..# # #..# #..#


You could see a gnoll.

Vanquished Creatures
  A necrophage (D:3)
  5 gnolls
  3 adders
  2 dart slugs
  2 orcs (D:3)
  8 bats
  2 endoplasms
  A giant cockroach (D:2)
  4 goblins
  3 hobgoblins
  3 quokkas
  4 ball pythons
  A frilled lizard (D:2)
  7 kobolds
  3 rats
49 creatures vanquished.

Notes
Turn   | Place    | Note
-------+----------+-------------------------------------------
     0 | D:1      | xian the Draconian Fighter began the quest for the Orb.
     0 | D:1      | Reached XP level 1. HP: 19/19 MP: 1/1
   349 | D:1      | Reached XP level 2. HP: 26/26 MP: 2/2
  1044 | D:2      | Found a faded altar of an unknown god.
  1279 | D:2      | Reached XP level 3. HP: 33/33 MP: 3/3
  1867 | D:3      | Reached skill level 1 in Axes
  1867 | D:3      | Reached XP level 4. HP: 40/40 MP: 4/4
  1884 | D:3      | Found a hazy altar of Hepliaklqana.
  1999 | D:3      | Identified a scroll of acquirement
  1999 | D:3      | Acquired 521 gold pieces
  2048 | D:3      | Noticed a necrophage
  2059 | D:3      | Killed a necrophage
  2662 | D:4      | Reached XP level 5. HP: 46/46 MP: 5/5
  2667 | D:3      | Reached skill level 4 in Fighting
  2724 | D:4      | HP: 2/46 [gnoll/+0 halberd (15)]
  2725 | D:4      | Slain by a gnoll

Illustrated notes

Levels and vault maps discovered:
D:1:      minmay_arrival_pointy, layout_loops_ring
D:2:      layout_loops_cross, basic_ecumenical_altar, minmay_vboxes
D:3:      layout_basic, worldfamousw_hep_ancestral_shrine,
          chequers_serial_rivers_micro_b, glass_columns_a
D:4:      kennysheep_spiral_hall, layout_loops_ring, minmay_ogre_servants,
          uniq_natasha

Skill      XL: |  1  2  3  4  5 |
---------------+----------------+-----
Dodging        | 3 |  3.5
Axes           | 1 2 |  2.2
Long Blades    | 3 |  3.0
Fighting       | 4 |  4.1
Stealth        | |  0.2
Shields        | |  3.4

Action                   |  1- 3 |  4- 6 || total
-------------------------+-------+-------++-------
Melee: Long sword        |    48 |       ||    48
       Tailslap          |     6 |     2 ||     8
       War axe           |    35 |    25 ||    60
Evoke: Wand              |       |     2 ||     2
  Use: Scroll            |     7 |     3 ||    10
Armor: Skin              |    46 |     4 ||    50
Dodge: Dodged            |    83 |    31 ||   114
Block: Buckler           |    30 |     9 ||    39

Table legend: (Time is in decaauts)
 A = Elapsed time spent in this place.
 B = Non-inter-level travel time spent in this place.
 C = Inter-level travel time spent in this place.
 D = Time resting spent in this place.
 E = Time spent auto-exploring this place.
 F = Levels seen in this place.
 G = Mean time per level.
                   A        B        C        D        E       F      G
               +--------+--------+--------+--------+--------+-----+--------+
         Total |   2771 |   2644 |    127 |    156 |   1889 |   4 |  692.8 |
       Dungeon |   2771 |   2644 |    127 |    156 |   1889 |   4 |  692.8 |
               +--------+--------+--------+--------+--------+-----+--------+

Top non-repeatable levels by time:
     D:1: 1047 daAuts
     D:3: 912 daAuts
     D:2: 773 daAuts
     D:4: 38 daAuts
